Cogmind - Beta 11.1 @@@ ROGUE MODE // 2022.07.17 @ 20:10:24 Player: lumberblack Result: Destroyed by H-55 Commando with Assault Rifle Performance ------------- Evolutions (3) 1500 Regions Visited (8) 1600 Robots Destroyed (152) 760 Value Destroyed (5437) 5437 Prototype IDs (32) 640 Alien Tech Used (0) 0 Bonus (535) 535 TOTAL SCORE: 10472 Bonus ------- High Alert Combat Kills 1451 Follower Combat Kills 170 Aligned with FarCom 300 Friendly Fire -1386 Cogmind --------- Core Integrity 0/700 Matter 217/300 Energy 100/100 System Corruption 48% Temperature Cool (2) Movement Flying (35) Location -7/Factory Parts ------- > --- POWER (1) -------- (None) > --- PROPULSION (4) --- Xenon Bombardment Thruster Cooled VTOL Module Cooled VTOL Module > --- UTILITY (6) ------ Machine Analyzer Improved Sensor Array Improved Melee Analysis Suite Improved Utility Shielding System Shield > --- WEAPON (2) ------- (None) > --- INVENTORY (5) ---- Medium Treads Large Storage Unit Improved Matter Compressor (5) Improved Focal Shield Improved Shield Generator Peak State ------------ > --- POWER ------------ Enhanced Nuclear Core > --- PROPULSION ------- Heavy Treads Compact Wheel Compact Wheel > --- UTILITY ---------- Improved Cooling System High-capacity Storage Unit Damper Plating > --- WEAPON ----------- Advanced Beam Rifle Advanced Beam Rifle > --- INVENTORY -------- Reinforced Deuterium Engine Light Angular Momentum Engine Cooled VTOL Module Cooled VTOL Module Cooled VTOL Module Large Storage Unit Improved Matter Compressor Machine Analyzer Improved Sensor Array Layered Light Armor Plating Damper Plating Improved Focal Shield Heavy Beamcaster Heavy Beamcaster Missile Launcher Heavy Missile Launcher Plasma Cutter [Rating: 65] Favorites ----------- Power Deuterium Engine Engine Deuterium Engine Power Core Enhanced Nuclear Core Propulsion Armored Treads Treads Armored Treads Leg Aluminum Leg Wheel Compact Wheel Flight Unit Cooled VTOL Module Utility Large Storage Unit Device Seismic Detector Storage Large Storage Unit Processor Improved Targeting Computer Hackware Hacking Suite Protection Improved Light Armor Plating Weapon Precision Beam Rifle Energy Gun Precision Beam Rifle Energy Cannon Plasma Cannon Ballistic Gun Gauss Rifle Launcher Missile Launcher Special Weapon Remote Datajack Slashing Weapon Katana Build | -11 -10 -10 -10 -9 -8 -7 -7 -7 ------- Run | Scr Mat Min Exi Min Mat Fac Was Fac Slots Evolved 6 | . . . . . 4 2 . . Power . | . . . . . . . . . Propulsion 2 | . . . . . 2 . . . Utility 4 | . . . . . 2 2 . . Weapon . | . . . . . . . . . Parts Attached 184 | 4 7 . . 8 74 43 11 37 Power 10 | . . . . 1 5 2 . 2 Engine 9 | . . . . 1 5 2 . 1 Core 1 | . . . . . . . . 1 Reactor . | . . . . . . . . . Propulsion 44 | 2 2 . . . 23 9 1 7 Treads 28 | 2 2 . . . 18 4 1 1 Leg . | . . . . . . . . . Wheel 11 | . . . . . 5 3 . 3 Hover . | . . . . . . . . . Flight 5 | . . . . . . 2 . 3 Utility 57 | 2 1 . . 2 18 15 6 13 Device 26 | 2 1 . . . 9 7 2 5 Storage 6 | . . . . 2 . 2 2 . Processor 4 | . . . . . . 2 . 2 Hackware 2 | . . . . . . 1 . 1 Protection 19 | . . . . . 9 3 2 5 Artifact . | . . . . . . . . . Weapon 73 | . 4 . . 5 28 17 4 15 Energy Gun 31 | . . . . . 12 8 2 9 Energy Cannon 7 | . . . . 1 6 . . . Ballistic Gun 16 | . 4 . . 4 4 4 . . Ballistic Cannon . | . . . . . . . . . Launcher 17 | . . . . . 5 4 2 6 Special Weapon 1 | . . . . . . 1 . . Impact Weapon . | . . . . . . . . . Slashing Weapon 1 | . . . . . 1 . . . Piercing Weapon . | . . . . . . . . . Special Melee Weapon . | . . . . . . . . . Unidentified Prototypes 7 | . . . . . 2 2 1 2 Corrupted Parts 1 | . . . . . . . 1 . System Corruption 4 | . . . . . . . 4 . Parts Lost 20 | . . . . . 2 9 1 8 Power 2 | . . . . . . 2 . . Propulsion 8 | . . . . . . 3 1 4 Utility 8 | . . . . . 2 4 . 2 Weapon 2 | . . . . . . . . 2 Highest Loss Streak 7 | . . . . . 2 4 1 7 To Critical Strikes . | . . . . . . . . . Average Slot Usage (%) 84 | . 68 71 71 83 99 92 87 63 Engine 4 | . . . . . 9 6 7 1 Core 1 | . . . . . . . . 4 Treads 22 | . 28 28 28 28 31 15 3 11 Wheel 4 | . . . . . 4 9 15 3 Device 13 | . 11 14 14 14 15 16 19 8 Storage 7 | . . . . 12 9 8 7 6 Protection 7 | . . . . . 11 10 14 7 Energy Gun 9 | . 2 . . . 12 11 13 13 Ballistic Gun 9 | . 25 28 28 27 4 3 . . Naked Turns . | . . . . . . . . . Heaviest Build 111 | 4 3 3 3 32 50 62 73 111 Greatest Support 90 | 3 40 3 3 40 80 63 48 90 Greatest Overweight (x) 4 | 1 . . . . 4 3 2 3 Average Overweight (x) . | . . . . . 1 1 1 . Largest Inventory Capacity 20 | 8 5 5 5 20 15 15 20 20 Average Capacity 14 | 5 5 5 5 13 15 15 17 18 Most Carried 20 | 6 5 5 5 12 15 15 20 20 Average Carried 13 | . 4 4 5 8 14 14 17 18 Final Capacity 20 | 5 5 5 5 15 15 15 20 5 Final Carried 20 | 2 5 5 5 12 15 15 20 5 Class Distribution -------------------- 78% | Mutant 21% | Scavenger-Mutant Dominant Class ---------------- Mutant | -10/Materials Mutant | -10/Mines Mutant | -10/Exiles Mutant | -9/Mines Mutant | -8/Materials Scavenger-Mutant | -7/Factory Mutant | -7/Waste Scavenger-Mutant | -7/Factory Resources | -11 -10 -10 -10 -9 -8 -7 -7 -7 ----------- Run | Scr Mat Min Exi Min Mat Fac Was Fac Matter Collected 3688 | 247 56 58 . 116 1304 585 569 753 Remotely . | . . . . . . . . . Salvage Created 6272 | 82 88 65 . 62 2821 816 470 1868 Parts 285 | 10 10 7 . 6 113 33 7 99 Haulers Intercepted 4 | . 1 . . . 1 1 . 1 Recyclers Shooed 9 | . . . . . 2 2 . 5 Parts Field Recycled . | . . . . . . . . . Retrieved Matter . | . . . . . . . . . Parts Self-Destructed . | . . . . . . . . . Prevented . | . . . . . . . . . Kills | -11 -10 -10 -10 -9 -8 -7 -7 -7 ------- Run | Scr Mat Min Exi Min Mat Fac Was Fac Combat Hostiles Destroyed 115 | . 3 1 . 5 53 15 2 36 Guns 65 | . 3 1 . 5 34 8 . 14 Cannons 1 | . . . . . 1 . . . AOE 39 | . . . . . 14 5 1 19 Classes Destroyed 20 | 1 2 2 . 1 11 2 1 . Worker 8 | . . 1 . . . 1 . 6 Builder 5 | . . . . . 2 . . 3 Tunneler 4 | 4 . . . . . . . . Hauler 4 | . 1 . . . 1 1 . 1 Recycler 8 | . . . . . 2 2 . 4 Mechanic 4 | . . . . . 3 1 . . Operator 1 | . . . . . 1 . . . Watcher 3 | . . . . . 2 . . 1 Swarmer 15 | . 3 . . 3 . 2 . 7 Grunt 62 | . . 1 . . 34 6 . 21 Brawler 7 | . . . . . 4 1 . 2 Duelist 4 | . . . . . 2 1 . 1 Protector 2 | . . . . . 1 . . 1 Sentry 10 | . . . . . 8 . . 2 Demolisher 2 | . . . . 2 . . . . Specialist 1 | . . . . . . 1 . . Hunter 5 | . . . . . 3 2 . . Programmer 3 | . . . . . . 1 . 2 Heavy 2 | . . . . . 1 1 . . Compactor 2 | . . . . . . . 2 . Surgeon 2 | . . . . . . . . 2 Wasp 2 | . . . . . . . 1 1 Thug 1 | . . . . . . . 1 . Savage 2 | . . . . . . . . 2 Best Kill Streak 26 | 3 3 1 . 3 12 4 1 26 Combat Bots Only 9 | . 3 1 . 3 9 4 1 9 Max Kills in Single Turn 6 | 2 1 1 . 1 6 2 2 5 Gunslinging . | . . . . . . . . . Exploded 3 | . . . . . 3 2 1 2 Melee . | . . . . . . . . . Uniques/NPCs Destroyed . | . . . . . . . . . Combat | -11 -10 -10 -10 -9 -8 -7 -7 -7 -------- Run | Scr Mat Min Exi Min Mat Fac Was Fac Damage Taken 8227 | . 94 87 . 149 2294 1842 39 3722 Core 864 | . . 42 . 19 92 485 . 226 Absorbed by Shields . | . . . . . . . . . Reduced by Siege Mode 39 | . . . . . . . . 39 Redirected to Shielding 15 | . . . . . . 15 . . Core Remaining (%) 86 | 100 . . . 75 83 . . . Volleys Fired 415 | 7 13 12 1 15 165 58 14 130 Largest 2 | 2 2 2 2 2 2 2 2 2 Hottest 145 | 70 70 40 40 80 145 122 122 122 Shots Fired 752 | 14 26 24 2 24 304 108 29 221 Gun 676 | 14 26 24 2 18 266 101 24 201 Cannon 29 | . . . . 6 23 . . . Launcher 46 | . . . . . 15 6 5 20 Special 1 | . . . . . . 1 . . Kinetic 162 | 7 20 24 2 18 58 33 . . Thermal 543 | 7 6 . . 6 231 68 24 201 Explosive 46 | . . . . . 15 6 5 20 Electromagnetic . | . . . . . . . . . Robot Hit Streak 49 | 6 3 7 3 6 24 12 33 49 Robot Miss Streak 3 | 2 3 2 . 2 3 2 . 3 Penetration Max 1 | . . . . 1 . 1 . . Secondary Targets 8 | . . . . 1 3 1 . 3 Max Gunslinging Chain 1 | . . . . 1 1 1 . 1 Shots Hit Robots 539 | 8 13 15 2 12 221 81 27 160 Core Hits 326 | 7 5 8 . 7 123 37 18 121 Critical Kills . | . . . . . . . . . Critical Parts Destroyed 2 | . 1 . . . 1 . . . Critical Strikes 45 | 1 1 . . . 22 1 5 15 Burn 42 | 1 . . . . 20 1 5 15 Destroy 3 | . 1 . . . 2 . . . Melee Attacks 1 | . . . . . 1 . . . Impact . | . . . . . . . . . Slashing 1 | . . . . . 1 . . . Piercing . | . . . . . . . . . Sneak Attacks . | . . . . . . . . . Combat Hostiles . | . . . . . . . . . Follow-up Attacks . | . . . . . . . . . Damage Inflicted 16886 | 97 118 117 16 197 5946 2450 1610 6335 Guns 9151 | 97 118 117 16 183 3726 1439 410 3045 Cannons 108 | . . . . . 108 . . . Explosions 7595 | . . . . . 2104 1011 1200 3280 Melee . | . . . . . . . . . Ramming 32 | . . . . 14 8 . . 10 Kinetic 1644 | 34 80 117 16 183 737 477 . . Thermal 7703 | 63 38 . . . 3097 1050 410 3045 Explosive 7507 | . . . . . 2104 923 1200 3280 Electromagnetic . | . . . . . . . . . Impact . | . . . . . . . . . Slashing . | . . . . . . . . . Piercing . | . . . . . . . . . Highest Corruption 48 | . . . . . . 13 43 48 Average Corruption 32 | . . . . . . 9 28 43 Corruption Purged . | . . . . . . . . . Corruption Blocked . | . . . . . . . . . Effects 184 | . . . . . . 33 18 133 Message Errors 33 | . . . . . . 5 5 23 Matter Fused 43 | . . . . . . 8 4 31 Heat Flow Errors 22 | . . . . . . 6 3 13 Energy Discharges 12 | . . . . . . 3 3 6 Parts Rejected 2 | . . . . . . . . 2 Data Loss (minor) 21 | . . . . . . 3 . 18 Data Loss (major) 9 | . . . . . . 4 1 4 Misfires 9 | . . . . . . . 2 7 Alerts 3 | . . . . . . . . 3 Misdirections 5 | . . . . . . . . 5 Weapon Failures 25 | . . . . . . 4 . 21 Overload Shots . | . . . . . . . . . Overflow Damage 266 | . . . . . 82 91 . 93 Projectiles 4 | . . . . . 4 . . . Explosions 262 | . . . . . 78 91 . 93 Melee . | . . . . . . . . . Knockbacks . | . . . . . . . . . Impact . | . . . . . . . . . Kinetic . | . . . . . . . . . Secondary . | . . . . . . . . . Self-Inflicted Damage 219 | . . . . . . . . 219 Shots 5 | . . . . . . . . 5 Rammed 5 | . . . . 1 2 . . 2 Targets Rammed 5 | . . . . 1 2 . . 2 Kicked . | . . . . . . . . . Crushed . | . . . . . . . . . Highest Temperature 584 | 20 45 4 . 90 436 584 243 387 Average Temperature 90 | 15 23 4 . 49 62 146 86 97 Received Heat Transfer 2412 | . 18 51 . . 900 216 . 1227 Effects 15 | . . . . . 1 14 . . Energy Bleed 1 | . . . . . 1 . . . Interference 2 | . . . . . . 2 . . Short Circuit 1 | . . . . . . 1 . . Damage (minor) 6 | . . . . . . 6 . . Damage (major) 2 | . . . . . . 2 . . Damage (core) 3 | . . . . . . 3 . . Siege Activations 2 | . . . . . . . . 2 Total Turns 34 | . . . . . . . . 34 Longest Duration 19 | . . . . . . . . 19 Robots Corrupted . | . . . . . . . . . Combat Hostiles . | . . . . . . . . . Parts Fried . | . . . . . . . . . Impact Corruptions . | . . . . . . . . . Robots Melted 11 | . . . . . 5 2 1 3 Combat Hostiles 10 | . . . . . 4 2 1 3 Parts Melted 46 | . . . . . 21 10 1 14 Heat Transferred 18696 | 259 111 . . . 8179 2196 1258 6693 Parts Sabotaged . | . . . . . . . . . Parts Stolen . | . . . . . . . . . Parts Stripped . | . . . . . . . . . Power Chain Reactions . | . . . . . . . . . Missiles Intercepted . | . . . . . . . . . Alert | -11 -10 -10 -10 -9 -8 -7 -7 -7 ------- Run | Scr Mat Min Exi Min Mat Fac Was Fac Peak Influence 1477 | 20 144 135 . 135 1477 858 287 1145 Initial 658 | . 13 55 . . 12 658 287 102 Average 407 | 8 107 62 . 65 630 733 186 291 Maximum Alert Level 4 | . . . . . 4 3 1 4 Low Security (%) 50 | 100 100 100 . 100 23 . 67 64 Level 1 11 | . . . . . 22 . 32 8 Level 2 12 | . . . . . 12 36 . 13 Level 3 14 | . . . . . 12 63 . 10 Level 4 10 | . . . . . 28 . . 3 Level 5 . | . . . . . . . . . High Security . | . . . . . . . . . Max Security . | . . . . . . . . . Sterilizations 1 | . . . . . 1 . . . Squads Dispatched 30 | . 1 . . 1 10 9 . 9 Investigation 3 | . 1 . . 1 . . . 1 Extermination 4 | . . . . . . 2 . 2 Reinforcement 9 | . . . . . 4 2 . 3 Assault 11 | . . . . . 6 2 . 3 Garrison 3 | . . . . . . 3 . . Intercept . | . . . . . . . . . Searches Triggered . | . . . . . . . . . Construction Impeded 2 | . . . . . . . . 2 Haulers Reinforced 1 | . . . . . . . . 1 Active Scanning Responses . | . . . . . . . . . Cargo Convoy Interrupts . | . . . . . . . . . Stealth | -11 -10 -10 -10 -9 -8 -7 -7 -7 --------- Run | Scr Mat Min Exi Min Mat Fac Was Fac Distress Signals 4 | . 1 . . . 2 . . 1 Communications Jammed 20 | . . . . . 20 . . . Distress Signals 20 | . . . . . 20 . . . Times Spotted 200 | . 8 8 . 4 84 24 6 66 Peak Tracking Total 9 | . 3 2 5 2 7 4 4 9 Tactical Retreats 19 | . . 5 . . 8 2 . 4 Traps | -11 -10 -10 -10 -9 -8 -7 -7 -7 ------- Run | Scr Mat Min Exi Min Mat Fac Was Fac Traps Triggered 6 | . 1 . . . . 3 . 2 Indirectly . | . . . . . . . . . Trap Hack Attempts . | . . . . . . . . . Triggered . | . . . . . . . . . Disarmed . | . . . . . . . . . Reprogrammed . | . . . . . . . . . Reused . | . . . . . . . . . Traps Extracted . | . . . . . . . . . Installed . | . . . . . . . . . Triggered . | . . . . . . . . . Exploded 1 | . . . 1 . . . . . Machines | -11 -10 -10 -10 -9 -8 -7 -7 -7 ---------- Run | Scr Mat Min Exi Min Mat Fac Was Fac Machines Disabled 18 | . . . . . 6 6 . 6 Max in Single Turn 5 | . . . . . 1 5 . 1 Garrison Access 2 | . . . . . 1 . . 1 Machines Sabotaged . | . . . . . . . . . Garrisons Compromised . | . . . . . . . . . Overloaded Fab Kills . | . . . . . . . . . Hacking | -11 -10 -10 -10 -9 -8 -7 -7 -7 --------- Run | Scr Mat Min Exi Min Mat Fac Was Fac Machines Accessed 21 | . 2 . 1 1 7 1 . 9 Terminals 9 | . 1 . . . 4 . . 4 Fabricators 2 | . . . . . . . . 2 Repair Stations 1 | . . . . . . . . 1 Recycling Units 2 | . 1 . . . . . . 1 Scanalyzers 3 | . . . . . 2 . . 1 Garrison Access 2 | . . . . . 1 1 . . Total Hacks 57 | . 8 . 1 1 23 1 . 23 Successful 29 | . 6 . 1 1 13 . . 8 Failed 28 | . 2 . . . 10 1 . 15 Catastrophic 4 | . . . . . 1 . . 3 Database Lockouts . | . . . . . . . . . Manual 14 | . 6 . 1 . 3 . . 4 Terminals 26 | . 6 . . . 10 . . 10 Fabricators 5 | . . . . . . . . 5 Repair Stations 3 | . . . . . . . . 3 Recycling Units 3 | . 2 . . . . . . 1 Scanalyzers 15 | . . . . . 11 . . 4 Garrison Access 3 | . . . . . 2 1 . . Terminal Hacks 11 | . 4 . 1 1 3 . . 2 Part Schematic 1 | . 1 . . . . . . . Robot Analysis 2 | . 2 . . . . . . . Prototype ID Bank 1 | . 1 . . . . . . . Open Door 1 | . . . . 1 . . . . Terminal Index 1 | . . . . . 1 . . . Locate Traps 4 | . . . . . 2 . . 2 EX-Prototype ID Bank 1 | . . . 1 . . . . . Fabricator Hacks 1 | . . . . . . . . 1 Build 1 | . . . . . . . . 1 Repair Station Hacks 1 | . . . . . . . . 1 Scan Component 1 | . . . . . . . . 1 Recycling Unit Hacks . | . . . . . . . . . Scanalyzer 11 | . . . . . 10 . . 1 Insert Component 5 | . . . . . 4 . . 1 Analyze 6 | . . . . . 6 . . . Garrison Access Hacks . | . . . . . . . . . Unauthorized Hacks 5 | . 2 . . . . . . 3 Terminals . | . . . . . . . . . Fabricators 2 | . . . . . . . . 2 Prioritize 1 | . . . . . . . . 1 Haulers 1 | . . . . . . . . 1 Repair Stations . | . . . . . . . . . Recycling Units 3 | . 2 . . . . . . 1 Recyclers 2 | . 1 . . . . . . 1 Tunnel 1 | . 1 . . . . . . . Scanalyzers . | . . . . . . . . . Garrison Access . | . . . . . . . . . Data Cores Recovered . | . . . . . . . . . Used . | . . . . . . . . . Hacking Detections 17 | . 1 . . . 7 1 . 8 Full Trace Events 1 | . . . . . . . . 1 Feedback Events . | . . . . . . . . . Feedback Blocked . | . . . . . . . . . Robot Schematics Acquired . | . . . . . . . . . Robots Built . | . . . . . . . . . Authchips . | . . . . . . . . . Time . | . . . . . . . . . Total Robot Build Rating . | . . . . . . . . . Part Schematics Acquired 5 | . 1 . . . 4 . . . Parts Built 2 | . . . . . . . . 2 Authchips . | . . . . . . . . . Time 84 | . . . . . . . . 84 Total Part Build Rating 8 | . . . . . . . . 8 Parts Repaired . | . . . . . . . . . Time . | . . . . . . . . . Parts Recycled . | . . . . . . . . . Recycled Matter . | . . . . . . . . . Retrieved Matter . | . . . . . . . . . Retrieved Components . | . . . . . . . . . Parts Scanalyzed 5 | . . . . . 4 . . 1 Part Schematics Acquired 4 | . . . . . 4 . . . Parts Damaged 1 | . . . . . 1 . . . Bothacking | -11 -10 -10 -10 -9 -8 -7 -7 -7 ------------ Run | Scr Mat Min Exi Min Mat Fac Was Fac Used RIF Installer . | . . . . . . . . . Robots Hacked 1 | . . . . . . 1 . . Non-combat 1 | . . . . . . 1 . . Combat . | . . . . . . . . . Robot Hacks Applied 1 | . . . . . . 1 . . find_chute 1 | . . . . . . 1 . . Relay Couplers Released 4 | . . . . . 1 . . 3 Machine Destruction 4 | . . . . . 1 . . 3 Fabnet Peak Effective % . | . . . . . . . . . Robots Rewired . | . . . . . . . . . Allies Hacked . | . . . . . . . . . Hacks Repelled . | . . . . . . . . . Allies | -11 -10 -10 -10 -9 -8 -7 -7 -7 -------- Run | Scr Mat Min Exi Min Mat Fac Was Fac Total Allies 22 | . . . . 2 . . 20 . Largest Group 18 | . . . . 2 . . 18 5 Highest-Rated Group 430 | . . . . 44 . . 430 107 Highest-Rated Ally 35 | . . . . 31 . . 35 27 Total Orders . | . . . . . . . . . Ally Attacks 143 | . . . . 6 . . 137 . Total Damage 3015 | . . . . 62 . . 2953 . Kills 8 | . . . . 2 . . 6 . Allies Corrupted . | . . . . . . . . . Allies Melted . | . . . . . . . . . Intel | -11 -10 -10 -10 -9 -8 -7 -7 -7 ------- Run | Scr Mat Min Exi Min Mat Fac Was Fac Robot Analysis Total 2 | . 2 . . . . . . . Derelict Logs Recovered 1 | . . 1 . . . . . . Drone Launches . | . . . . . . . . . Drone Recoveries . | . . . . . . . . . Exploration | -11 -10 -10 -10 -9 -8 -7 -7 -7 ------------- Run | Scr Mat Min Exi Min Mat Fac Was Fac Turns Passed 8544 | 92 268 1010 159 724 3023 1036 370 1862 Spaces Moved 4725 | 36 267 897 214 353 1297 520 237 904 Core 1515 | 36 232 897 214 135 . . . 1 Treads 1280 | . 35 . . 218 437 183 . 407 Legs . | . . . . . . . . . Wheels 1559 | . . . . . 860 337 237 125 Hover . | . . . . . . . . . Flight 371 | . . . . . . . . 371 Fastest Speed 26 | 50 50 50 50 50 115 115 115 26 Average Speed 113 | 87 64 50 50 117 145 147 123 135 Slowest Speed 250 | 100 160 50 50 160 250 245 130 240 Overloaded Moves 15 | . . . . . . . . 15 Propulsion Burnouts . | . . . . . . . . . Robots Hopped 2 | . . . . . . . . 2 Cave-ins Triggered . | . . . . . . . . . Exploration Rate (%) 50 | 3 40 98 62 46 80 14 86 26 Regions Visited 8 Branch Regions 3 Pre-discovered Areas 2 | . 1 1 . . . . . . Known Exits Taken . | . . . . . . . . . Unknown Exits Taken 6 | 1 1 1 1 1 1 . . . Scrap Searched 2 | . . 2 . . . . . . Spaces Dug 23 | . . . . 6 17 . . . Terrain Destroyed 334 | . . . . 6 135 62 21 110 Melee 1 | . . . . . 1 . . . Projectile 28 | . . . . 6 20 2 . . AOE 304 | . . . . . 113 60 21 110 Terrain Rammed . | . . . . . . . . . Walls Destroyed . | . . . . . . . . . Machines Disabled . | . . . . . . . . . Actions | -11 -10 -10 -10 -9 -8 -7 -7 -7 --------- Run | Scr Mat Min Exi Min Mat Fac Was Fac Total 7165 | 87 345 1439 263 638 2133 678 288 1294 Wait 1607 | 30 42 529 49 251 511 20 1 174 Move 4714 | 35 266 896 213 352 1296 520 236 900 Hop 2 | . . . . . . . . 2 Pick Up 95 | 1 8 1 . 8 33 13 11 20 Fast Attach 56 | 2 2 . . 1 15 14 3 19 Attach 35 | 2 1 . . 1 12 8 2 9 Detach 11 | 1 . . . . 3 4 1 2 Swap 93 | . 4 . . 6 47 21 6 9 Drop 131 | 9 9 1 . 3 48 20 14 27 Fire 415 | 7 13 12 1 15 165 58 14 130 Melee 1 | . . . . . 1 . . . Ram . | . . . . . . . . . Kick . | . . . . . . . . . Crush 5 | . . . . 1 2 . . 2 Escape Stasis . | . . . . . . . . . Rewire . | . . . . . . . . . Trap . | . . . . . . . . . Miscellaneous . | . . . . . . . . . Route ------- -11/Scrapyard -10/Materials (discovered 2 exits: [*Mat] / [*Min]) -10/Mines (discovered 3 exits: [*Mat x2] / *Exi) -10/Exiles -9/Mines -8/Materials -7/Factory (discovered 2 exits: [*Fac] / [*Sto]) -7/Waste -7/Factory History --------- Turn | Location | Event 8 | -11/Scrapyard | Discovered new exit (range 3) 93 | -11/Scrapyard | Entered Materials 316 | -10/Materials | Build established: Mutant 337 | -10/Materials | Discovered new exit (range 12) 338 | -10/Materials | Discovered new exit (range 13) 361 | -10/Materials | Entered Mines 396 | -10/Mines | Learned location of Storage (-7) 884 | -10/Mines | Deemed a non-threat by the Exiles lab entrance 927 | -10/Mines | Discovered new exit (range 10) 943 | -10/Mines | Discovered new exit (range 5) 1369 | -10/Mines | Discovered new exit (range 5) 1371 | -10/Mines | Entered Exiles 1384 | -10/Exiles | Met 8R-AWN 1393 | -10/Exiles | Met EX-HEX 1406 | -10/Exiles | Met EX-BIN 1414 | -10/Exiles | Aligned with FarCom system 1415 | -10/Exiles | Given EX-Vault access code 1427 | -10/Exiles | Opened EX-Vault 1438 | -10/Exiles | Warned to stay clear of 0b10 Research branches 1448 | -10/Exiles | Exiles lab attacked by MAIN.C 1474 | -10/Exiles | Discovered new exit (range 10) 1528 | -10/Exiles | Attacked by the Exiles 1530 | -10/Exiles | Entered Mines 1581 | -9/Mines | Assembled infested the area 1614 | -9/Mines | Met a Derelict shopkeep closing up shop 2215 | -9/Mines | Discovered new exit (range 5) 2254 | -9/Mines | Entered Materials 2254 | -8/Materials | Evolved 4 slots: Propulsion x2, Utility x2 3854 | -8/Materials | First assault squad dispatched 3936 | -8/Materials | Destroyed 9 combat bots 4763 | -8/Materials | Sterilization system engaged 4763 | -8/Materials | Non-combat units ordered to evacuate 4853 | -8/Materials | Discovered new exit (range 10) 4863 | -8/Materials | Combat units ordered to evacuate 5063 | -8/Materials | Ambient heat levels rising (+10) 5213 | -8/Materials | Ambient heat levels rising (+10) 5277 | -8/Materials | Entered Factory 5277 | -7/Factory | Evolved 2 slots: Utility x2 5365 | -7/Factory | Discovered new exit (range 5) 5421 | -7/Factory | Lost 4 parts (1n3u) 5605 | -7/Factory | Core integrity fell below 50% 5609 | -7/Factory | Garrison activated, responded to threat 5677 | -7/Factory | First assault squad dispatched 5764 | -7/Factory | System corruption reached 10% 6129 | -7/Factory | Discovered new exit (range 15) 6216 | -7/Factory | Build established: Scavenger-Mutant 6313 | -7/Factory | Sucked down chute 6313 | -7/Factory | Entered Waste 6314 | -7/Waste | Met a frightened Derelict 6328 | -7/Waste | EMP discharged 6340 | -7/Waste | Spotted C-40 Crusher 6358 | -7/Waste | Crushed by Compactor (1 part destroyed, 2 dropped) 6395 | -7/Waste | Spotted C-40 Crusher 6395 | -7/Waste | Spotted C-40 Crusher 6397 | -7/Waste | Spotted C-40 Crusher 6421 | -7/Waste | Met Warlord forces unprepared to attack 6428 | -7/Waste | EMP discharged 6434 | -7/Waste | Allies destroyed C-40 Crusher 6440 | -7/Waste | Allies destroyed C-40 Crusher 6441 | -7/Waste | Destroyed C-40 Crusher 6448 | -7/Waste | Allies destroyed C-40 Crusher 6516 | -7/Waste | Spotted C-40 Crusher 6528 | -7/Waste | EMP discharged 6528 | -7/Waste | System corruption reached 30% 6531 | -7/Waste | Destroyed C-40 Crusher 6539 | -7/Waste | Spotted C-40 Crusher 6541 | -7/Waste | Found Damper Plating 6547 | -7/Waste | Found Damper Plating 6554 | -7/Waste | Allies destroyed C-40 Crusher 6628 | -7/Waste | EMP discharged 6641 | -7/Waste | Discovered new exit (range 12) 6683 | -7/Waste | Entered Factory 6683 | -7/Factory | Accompanied by 5 allies 7330 | -7/Factory | Build established: Mutant 7942 | -7/Factory | Build established: Scavenger-Mutant 8283 | -7/Factory | First assault squad dispatched 8299 | -7/Factory | Core integrity fell below 20% 8318 | -7/Factory | Destroyed 8 combat bots 8373 | -7/Factory | Destroyed 9 combat bots 8398 | -7/Factory | Released all parts (4) 8429 | -7/Factory | Lost 7 parts (3n2u2w) 8513 | -7/Factory | Fabricated Imp. Shield Generator? 8545 | -7/Factory | Destroyed by H-55 Commando with Assault Rifle Last Messages --------------- 08478_ System corrupted: Component data lost. 08481_ Acquired Imp. Melee Analysis Suite. 08483_ Acquired System Shield. 08492_ >> Machine Analyzer network decryption results: 08492_ Terminal x1 08495_ Connecting with Terminal... >>Traps(Locate) Found 4 traps in 1 array: 4x Ambush Trap Map updated. 08510_ System corrupted: IFF burst signal emitted. 08513_ >> FABRICATOR: Completed Imp. Shield Generator? 08522_ K-01 Serf cleans the Matter Pump. 08524_ Slug penetrates Matter Pump. 08524_ Matter Pump disabled. 08525_ System corrupted: Substantial component data lost. 08525_ Dropped Recalibrator. 08525_ K-01 Serf collects debris. 08526_ Acquired Imp. Shield Generator. 08540_ System corrupted: Matter fused (-5). Map ----- +----------------------------------------------------+ | ?"""?# ## #???????????????# #?# | | ?"""?# ### ##???????????????# #?# | | ?"""?+ #?# #????????????????# #?# | | ?????# ####?# #??"""?"""???????# #?? | | ?????# #????# #??"""?"""?####### """ #?? | | ?????# #????# #??"""?"""?+ "%" ##?? | | ?????# #????# #??????????### """ #??? | | ?????# #????# #????????????# #??? | | ?????# +????# #????????????# """ ###? | | ?????# ####????# ##### #???## """ ""#? | | ?????# ????????# """ F"#?? | | ????? ????????# ##### ###### !"#?? | | ?????#+????????# #??################ """ !""#?? | | ???????????????# #??# """""" # """ ###?? | | ???????????????# #??# """""" # """ #???? | | ????????######## #### """""" # #???+ | | ????????+ + """""" = # """ #?? | | ????????##### #### !# """ #?? | | ????????????# #??# # """ #? "" | | ????????????# #??########+#+##### #? "" | | ????????????#+##+######## h # "" | | ????????????? # # "" | | ???????????# "" "" # + | | ???????????#! "" "" + ^ # "" | | ???????????# """ """ # ^ "" # "" | | ???????????# """ """ #@ """ ##? "" | | ???????????# """ """ # """ """ """ F" #?? "" | | ???????????# # """ """ """ """ #??? | | ???????????# # """ """^""" "" #???## | | ???????????# # #????? | | ???????????# # """ """ """ ![ #????? | | ???????????# # """ """ """ ![ #????? | | ???????????# # """ """ """ #???? | | ???????????############## #?? | | ????????????????????????# """ """ """ """ # | | ????????????????????????# """ """ """ """ + | | ????????????????????????# """ """ """ """ # | | ????????????????????????# #?? | | ????????????????????????# #???? | | ????????????????????????##+#+################????? | | ?????????????????????????? ??????????????????? | | ???????????????????????? ????????????????? | | ?????????????????????? """ """ """??????????????? | | ?????????????????????# """ """ """ #????????????? | | ?????????????????????# """ """ """ #????????????? | | ?????????????????????# ?????????????? | | ?????????????????????##?############?????????????? | | ?????????????????????????????????????????????????? | | ??????????????????????""""""?????????????????????? | | ??????????????????????""""""?????????????????????? | +----------------------------------------------------+ Best States ------------- Heat Dissipation 61 Coolant Potential 65 Energy Generation 17 Energy Capacity 300 Matter Stores 450 Matter Capacity 450 Sight Range 16 Robot Scan Range 15 Terrain Scan Density 10 Jamming Range 12 Armor Coverage 3200 Resistance: KI 25 Resistance: EM 90 Utility Shielding 66 Weapon Cycling 15 Evasion (%) 64 Targeting Accuracy 6 Melee Accuracy 6 Recoil Reduction 4 Offensive Hacking 10 Defensive Hacking 10 Trap Extractor Capacity 6 Item Schematics ----------------- Lrg. Storage Unit | -10/Materials | Hacked Imp. Salvage Targeting Computer | -8/Materials | Scanalyzed Hcp. Storage Unit | -8/Materials | Scanalyzed Prc. Beam Rifle | -8/Materials | Scanalyzed Imp. Trap Extractor | -8/Materials | Scanalyzed Robot Schematics ------------------ None Fabricated ------------ Imp. Shield Generator | x2 | -7/Factory | Preloaded Alien Tech Used ----------------- None Achievements -------------- None Challenges ------------ None Game ------ Seed ScatterInsulatedMace Manual? 0 Play Time 01:32:07 Cumulative 388.3 hours Start 2022.07.17 @ 18:36:08 End 2022.07.17 @ 20:10:24 Sessions 1 Manual Loads 0 Difficulty Rogue Special Mode None Game No. 364 Rogue 364 Adventurer 0 Explorer 0 Win Type - Total 8 Types 5/1/2/0/0/0/0/0/0 Lore% 56 Gallery% 77 Achievement% 65 Wizard Run 0 Options --------- ASCII 0 Keyboard 0 Movement Numpad Keybinds 0 Fullscreen 2 Font 18/TerminusBold Map View 76x50 Tactical HUD 1 Map Filters NONE Filters NONE Steam 1 RUN: 143d31d0-a8a4-4fe3-8d32-3bb3e29cb665